 Dungeon Crawl Stone Soup version 0.30.0-29-ga12c61a403 (webtiles) character file.

Game seed: 3644738641190071731

6498 McKennaii the Fighter (level 10, -6/85 HPs)
             Began as a Demonspawn Fighter on June 3, 2023.
             Was a Believer of Qazlal.
             Killed from afar by an oklob plant (15 damage)
             ... with a splash of acid
             ... on level 9 of the Dungeon.
             The game lasted 00:10:37 (8554 turns).

McKennaii the Fighter (Demonspawn Fighter)          Turns: 8554, Time: 00:10:37

Health: -6/85      AC:  1    Str: 23    XL:     10   Next: 68%
Magic:  10/10      EV: 10    Int: 10    God:    Qazlal [**....]
Gold:   375        SH: 11    Dex: 19    Spells: 9/9 levels left

rFire   . . .        a - +0 trident
rCold   . . .        (no shield)
rNeg    . . .        b - +0 scale mail
rPois   +            (no helmet)
rElec   .            (no cloak)
rCorr   .            J - +2 pair of gloves {Str+3}
SInv    .            g - +0 pair of boots
Will    .....        A - amulet of reflection Stlth
                     n - ring of poison resistance
HPRegen 0.34/turn    z - +6 ring of dexterity
MPRegen 0.12/turn

%: reflection
@: corroded
A: large bone plates 1, ignite blood 2, spiny 2, demonic touch 2
a: Renounce Religion, Upheaval


You were on level 9 of the Dungeon.
You worshipped Qazlal.
Qazlal was pleased with you.
You visited 2 branches of the dungeon, and saw 10 of its levels.

You collected 531 gold pieces.
You spent 156 gold pieces at shops.

Inventory:

Hand Weapons
 a - a +0 trident (weapon)
Armour
 b - a +0 scale mail (worn)
 g - a +0 pair of boots (worn)
 J - a +2 pair of gloves of strength (worn)
Jewellery
 n - a ring of poison resistance (left hand)
 z - a +6 ring of dexterity (right hand)
 A - an amulet of reflection (around neck)
 G - a +6 ring of dexterity
 M - the amulet "Ytointem" {-Tele *Corrode rC+++ Will++ Regen+}
   (You found it on level 9 of the Dungeon)

   [amulet of regeneration]

   rC:        It renders you almost immune to cold.
   -Tele:     It prevents most forms of teleportation.
   Regen:     It increases your rate of health regeneration.
   *Corrode:  It may corrode you when you take damage.
   Will:      It greatly increases your willpower.
Wands
 r - a wand of charming (23)
 F - a wand of flame (16)
 I - a wand of quicksilver (8)
Scrolls
 e - a scroll of fog {unknown}
 f - 4 scrolls of poison {unknown}
 i - 6 scrolls of teleportation {unknown}
 j - 4 scrolls of immolation {unknown}
 m - 4 scrolls of blinking {unknown}
 q - 8 scrolls of identify {unknown}
 t - 4 scrolls of silence {unknown}
 u - 2 scrolls of noise {unknown}
 w - 2 scrolls of fear {unknown}
 y - a scroll of enchant weapon {unknown}
 D - a scroll of enchant armour {unknown}
 E - 4 scrolls of vulnerability {unknown}
 K - a scroll of amnesia {unknown}
 L - a scroll of torment {unknown}
 O - 3 scrolls of brand weapon {unknown}
Potions
 c - a potion of invisibility {unknown}
 d - 6 potions of might
 h - 3 potions of brilliance {unknown}
 k - 2 potions of mutation {unknown}
 l - 7 potions of curing
 o - a potion of resistance {unknown}
 p - 4 potions of haste
 s - a potion of degeneration {unknown}
 v - a potion of experience {unknown}
 x - 2 potions of ambrosia {unknown}
 B - a potion of cancellation {unknown}
 C - 2 potions of flight {unknown}
 H - 2 potions of heal wounds {unknown}
 N - a potion of magic {unknown}


   Skills:
 + Level 9.8 Fighting
 + Level 8.7 Polearms
 + Level 9.0 Armour
 - Level 4.0 Shields


You had 9 spell levels left.
You didn't know any spells.
Your spell library contained the following spells:

 Spells                   Type           Power      Damage    Failure   Level
 Beastly Appendage        Tmut           0%         N/A       63%         1
 Wereblood                Tmut           0%         N/A       77%         2
 Ozocubu's Armour         Ice            0%         N/A       94%         3
 Spider Form              Tmut/Pois      0%         N/A       94%         3
 Vhi's Electric Charge    Tloc/Air       0%         N/A       94%         3
 Arcjolt                  Conj/Air       0%         1d10      100%        5
 Plasma Beam              Fire/Air       0%         2x1d11    100%        6
 Ozocubu's Refrigeration  Ice            0%         4d7       100%        7


Dungeon Overview and Level Annotations

Branches:
Dungeon (9/15)             Temple (1/1) D:5
   Lair: D:8-11         Orc: D:9-12

Altars:
Cheibriados
Dithmenos
Fedhas
Gozag
Hepliaklqana
Kikubaaqudgha
Makhleb
Nemelex Xobeh
Okawaru
Qazlal
Ru
Sif Muna
Trog
Vehumet
Xom
Yredelemnul

Shops:
D:9 !

Annotations:
D:9 exclusion: oklob plant


Innate Abilities, Weirdness & Mutations

You are partially covered in large bone plates. (SH +4)
Your demonic aura often causes spilled blood to erupt in flames.
You are mostly covered in sharp spines.
Your touch may inflict irresistible damage on your foes.


Message History

You hit the oklob plant but do no damage.
The oklob plant is lightly damaged.
Unknown command.
Reach: a) +0 trident
Press: ? - help, Dir - move target, f/p - oklob plant
Aim: an oklob plant (lightly damaged, about 2% to evade your +0 trident)
You reach to attack!
You hit the oklob plant but do no damage.
The oklob plant is lightly damaged.
Unknown command.
Reach: a) +0 trident
Press: ? - help, Dir - move target, f/p - oklob plant
Aim: an oklob plant (lightly damaged, about 2% to evade your +0 trident)
You reach to attack!
You hit the oklob plant but do no damage.
The oklob plant is lightly damaged.
A nearby fungus withers and dies.
The oklob plant spits acid at you. The splash of acid hits you!!
The acid corrodes you! The oklob plant spits acid at you.
The splash of acid hits you!!
You hit the oklob plant.
The oklob plant is lightly damaged.
You hit the oklob plant but do no damage.
You touch the oklob plant!
The oklob plant is moderately damaged.
You hit the oklob plant but do no damage.
You touch the oklob plant!
The oklob plant is heavily damaged.
The oklob plant spits acid at you. The splash of acid hits you!!
* * * LOW HITPOINT WARNING * * *
The acid corrodes you!
You puncture the oklob plant!
You touch the oklob plant!
The oklob plant is almost destroyed.
You hit the oklob plant but do no damage.
The oklob plant is almost destroyed.
The oklob plant spits acid at you. The splash of acid hits you!
You die...

##P......_.~≈≈~...
#P#...~~~~...~~≈~.##
#P.P#.~≈≈~≈~~≈≈≈~.##
#PP....~≈≈≈≈~≈~~..#P
##PPPP..~≈≈≈≈≈~..#P.
#PP.PPP..≈~~~~..#.PP
#PP.PP#........PP#.P
#P..PPP#..P#P.P#PPP#
#PP@.#P#..PPPPPP.#P#
##P.§...#P.P.PP#.P#P


#.P.P##.PPPPPPPPPP#P ################### You could see an oklob plant.

Vanquished Creatures
  2 two-headed ogres (D:9)
  Psyche (D:8)
  A hornet (D:9)
  3 wyverns
  5 yaks (D:9)
  Menkaure (D:7)
  3 water moccasins
  An orc warrior (D:9)
  2 ogres (D:5)
  3 centaurs
  2 phantoms
  A kobold brigand (D:9)
  5 bullfrogs
  4 scorpions
  18 wights
  6 killer bees (D:7)
  A howler monkey (D:9)
  A hound (D:5)
  A jelly (D:8)
  A gnoll bouda (D:8)
  4 orc priests
  5 iguanas
  6 orc wizards
  A hound zombie (D:2)
  11 adders
  5 gnolls (D:8)
  A shadow imp (D:8)
  2 white imps
  An ufetubus (D:4)
  A worm (D:3)
  3 dart slugs
  30 orcs
  4 ball pythons
  7 endoplasms
  5 giant cockroaches
  5 goblins
  5 hobgoblins
  3 jackals (D:2)
  4 quokkas
  2 ball python skeletons (D:2)
  4 bats
  A frilled lizard (D:2)
  2 giant cockroach zombies (D:2)
  8 kobolds
  7 rats
189 creatures vanquished.

Notes
Turn   | Place    | Note
-------+----------+-------------------------------------------
     0 | D:1      | McKennaii the Demonspawn Fighter began the quest for the
                  | Orb.
     0 | D:1      | Reached XP level 1. HP: 18/18 MP: 1/1
   212 | D:1      | Found a faded altar of an unknown god.
   220 | D:1      | Gained mutation: You are partially covered in large bone
                  | plates. (SH +4) [demonic ancestry]
   220 | D:1      | Reached XP level 2. HP: 24/24 MP: 2/2
   758 | D:2      | Gained mutation: You are partially covered in sharp spines.
                  | [demonic ancestry]
   758 | D:2      | Reached XP level 3. HP: 29/29 MP: 3/3
  1209 | D:2      | Reached XP level 4. HP: 35/35 MP: 4/4
  2067 | D:3      | Gained mutation: Your demonic aura sometimes causes spilled
                  | blood to erupt in flames. [demonic ancestry]
  2067 | D:3      | Reached XP level 5. HP: 38/42 MP: 5/5
  2685 | D:4      | Gained mutation: Your touch may inflict minor irresistible
                  | damage on your foes. [demonic ancestry]
  2685 | D:4      | Reached XP level 6. HP: 43/48 MP: 6/6
  3002 | D:4      | Found a burning altar of Makhleb.
  3011 | D:4      | Noticed an Executioner
  3595 | D:5      | Entered Level 5 of the Dungeon
  3645 | D:5      | HP: 1/49 [orc priest/nerve-wracking pain (7)]
  3940 | D:5      | Gained mutation: Your touch may inflict irresistible damage
                  | on your foes. [demonic ancestry]
  3940 | D:5      | Reached XP level 7. HP: 55/55 MP: 7/7
  4022 | D:5      | Noticed a wyvern
  4026 | D:5      | Killed a wyvern
  4027 | D:5      | Reached skill level 5 in Fighting
  4153 | D:5      | Found a staircase to the Ecumenical Temple.
  4174 | Temple   | Entered the Ecumenical Temple
  4373 | Temple   | Became a worshipper of Qazlal Stormbringer
  4524 | D:5      | Reached skill level 5 in Armour
  4694 | D:5      | Gained mutation: Your demonic aura often causes spilled
                  | blood to erupt in flames. [demonic ancestry]
  4694 | D:5      | Reached XP level 8. HP: 64/64 MP: 8/8
  5096 | D:5      | Reached skill level 5 in Polearms
  5850 | D:7      | Found an iron altar of Okawaru.
  5872 | D:7      | Found a hazy altar of Hepliaklqana.
  5882 | D:7      | Gained mutation: You are mostly covered in sharp spines.
                  | [demonic ancestry]
  5882 | D:7      | Reached XP level 9. HP: 51/72 MP: 9/9
  5885 | D:7      | Reached * piety under Qazlal
  5991 | D:7      | Noticed Menkaure
  5999 | D:7      | Killed Menkaure
  6208 | D:7      | Found a radiant altar of Vehumet.
  6805 | D:8      | Noticed Psyche
  6811 | D:8      | Killed Psyche
  6812 | D:8      | Found an opulent altar of Gozag.
  7343 | D:8      | Found a sparkling altar of Nemelex Xobeh.
  7640 | D:9      | Found a sacrificial altar of Ru.
  7645 | D:9      | Found Meloqips's Distillery.
  7685 | D:9      | Identified the amulet "Ytointem" {-Tele *Corrode rC+++
                  | Will++ Regen+}
  7702 | D:9      | Reached XP level 10. HP: 82/82 MP: 10/10
  7714 | D:9      | Bought a potion of curing for 36 gold pieces
  7714 | D:9      | Bought a potion of haste for 120 gold pieces
  7813 | D:9      | Noticed a two-headed ogre
  7828 | D:9      | Reached ** piety under Qazlal
  7957 | D:9      | Killed a two-headed ogre
  7959 | D:9      | Identified the +5 long sword "Tykexeg" {spect, rN++ Str+3}
  8173 | D:9      | Noticed a two-headed ogre
  8397 | D:9      | Killed a two-headed ogre
  8467 | D:9      | Found a blossoming altar of Fedhas.
  8483 | D:9      | Noticed an oklob plant
  8554 | D:9      | Killed from afar by an oklob plant

Illustrated notes

Levels and vault maps discovered:
D:1:      dpeg_arrival_radiant, layout_basic,
          ebering_ecumenical_altar_abandoned, minmay_splitting_lines,
          nicolae_concentric_dashed_squares_wild, dreamdust_princess_bridge
D:2:      layout_loops_ring, basic_altar, serial_undead, serial_undead_f,
          serial_undead_e, serial_undead_a, serial_undead_a, serial_undead_e,
          serial_undead_f, wad_orctagon
D:3:      layout_loops_corners, kennysheep_generic_room_3
D:4:      layout_loops_corners, makhleb_altar_promises_db, amethyst_killhole,
          kennysheep_nub, eino_small_chamber_without_monster,
          minmay_starry_boxes
D:5:      layout_loops_ring, minmay_temple_entry_overgrown
D:6:      layout_cave_pools, serial_column_ruins,
          column_ruins_corridor_straight, column_ruins_open_tiny,
          column_ruins_open_small, column_ruins_open_tiny,
          hangedman_decor_growths, chequers_serial_rivers_small_3
D:7:      old_forge, layout_basic, kennysheep_little_box, vehumet_altar_wand_db,
          mainiacjoe_overflow_catwalk_spiral, uniq_menkaure
D:8:      layout_loops_ring, nemelex_spade_bored_becter,
          nicolae_gozag_seed_capital, uniq_psyche
D:9:      layout_big_octagon, mainiacjoe_overflow_chevrons, tgw_fedhas,
          serial_shops, nicolae_shop_window_shopping, minmay_chambers_of_fives
Temple:   chequers_temple_sunken

Skill      XL: |  1  2  3  4  5  6  7  8  9 10 |
---------------+-------------------------------+-----
Polearms       | 2 3 4 6 7 8 |  8.7
Armour         | 3 4 5 6 8 9 |  9.0
Shields        | 3 4 |  4.0
Fighting       | 4 5 7 8 9 |  9.8

Action                     |  1- 3 |  4- 6 |  7- 9 | 10-12 || total
---------------------------+-------+-------+-------+-------++-------
  Melee: Trident           |   120 |   191 |   228 |   102 ||   641
         Touch             |       |     7 |    32 |    22 ||    61
         Punch             |       |       |     1 |     4 ||     5
 Armour: Scale mail        |    37 |    59 |    41 |     9 ||   146
  Dodge: Dodged            |    30 |    37 |    66 |    19 ||   152
  Block: Buckler           |    40 |    29 |       |       ||    69
         Other             |       |    13 |    83 |    27 ||   123
         Reflection        |       |       |     4 |     4 ||     8
